[Event "European School-ch 2019"]
[Site "Mamaia"]
[Date "2019.06.01"]
[Round "2.52"]
[White "Putinceva, Marina"]
[Black "Jayawarna, Tarini"]
[Result "1-0"]
[ECO "C07"]
[WhiteElo "1471"]
[BlackElo "1337"]
[Annotator "NA"]
[PlyCount "115"]
[EventDate "2019.05.31"]
[EventType "swiss"]
[EventCountry "ROU"]
[SourceTitle "playchess.com"]
[Source "ChessBase"]
[SourceQuality "1"]
[TimeControl "40/5400+30:1800+30"]

1. e4 e6 2. d4 d5 3. Nd2 c5 4. exd5 Qxd5 5. Ngf3 cxd4 6. Bc4 Qd6 7. O-O Nf6 8. Nb3 Nc6 9. Nbxd4 Nxd4 10. Nxd4 Bd7 11. c3 Qc7 12. Bb3 Bc5 13. Re1 O-O 14. Bg5 Ne8 15. Qd3 Qb6 16. Rad1 Nc7 17. Kh1 Nb5 18. Nxb5 Bxb5 19. c4 Bc6 20. Be3 Bxe3 21. Qxe3 Qa6 22. Qf4 Ba4 23. Rd3 Rfd8 24. Rg3 Bxb3 25. Qg5 g6 26. axb3 Qb6 27. Kg1 Qd4 28. h4 Qxb2 29. h5 Qg7 30. hxg6 hxg6 31. Re4 Rd1+ 32. Kh2 Qa1 33. Rf3 Rh1+ 34. Kg3 Rh5 35. Qe7 Rf8 36. Rxe6 Qg7 37. Re4 Qh6 38. Rg4 Rh1 39. Rh4 Rxh4 40. Qxh4 Qxh4+ 41. Kxh4 Rd8 42. Re3 Kf8 43. Kg4 Re8 44. Kf4 f6 45. Rxe8+ Kxe8 46. Ke4 Ke7 47. Kd5 Kd7 48. g4 g5 49. c5 Ke7 50. b4 Kd7 51. f3 Ke7 52. c6 b5 53. Kc5 a6 54. Kb6 Kd6 55. c7 Ke5 56. c8=Q Kf4 57. Qf5+ Kg3 58. Qxf6 1-0

[Event "European School-ch 2019"]
[Site "Mamaia"]
[Date "2019.06.01"]
[Round "2.53"]
[White "Obada, Ema"]
[Black "Ruzic, Pia Marie"]
[Result "1-0"]
[ECO "C01"]
[WhiteElo "1889"]
[BlackElo "1917"]
[Annotator "NA"]
[PlyCount "105"]
[EventDate "2019.05.31"]
[EventType "swiss"]
[EventCountry "ROU"]
[SourceTitle "playchess.com"]
[Source "ChessBase"]
[SourceQuality "1"]
[TimeControl "40/5400+30:1800+30"]

1. e4 e6 2. d4 d5 3. exd5 exd5 4. Bd3 Bd6 5. c3 Ne7 6. Qf3 Nbc6 7. Ne2 Be6 8. Bf4 Qd7 9. h3 O-O-O 10. Bxd6 Qxd6 11. Nd2 Kb8 12. Nb3 g6 13. O-O-O h5 14. g4 h4 15. Qe3 Rde8 16. Qd2 f6 17. Nf4 Bf7 18. Ng2 Nc8 19. f4 Nd8 20. Qf2 g5 21. fxg5 fxg5 22. Ne3 Rhf8 23. Nf5 Qf6 24. Nc5 Be6 25. Qc2 Nd6 26. Rhf1 Nxf5 27. Bxf5 Bxf5 28. Rxf5 Qd6 29. Rxg5 Rf3 30. Rg6 Qf4+ 31. Kb1 Rf2 32. Qb3 Kc8 33. Qxd5 Qf3 34. Qf5+ Qxf5+ 35. gxf5 Rxf5 36. Rdg1 b6 37. Nd3 Rf3 38. Ne5 Rxh3 39. Rg8 Re7 40. Rh8 Rg3 41. Rf1 c5 42. Rff8 cxd4 43. Rxd8+ Kb7 44. cxd4 Rc7 45. a3 h3 46. d5 Re7 47. Nc4 Re2 48. Rd7+ Ka6 49. Rdh7 Rgg2 50. Rxh3 Kb5 51. Rc3 Rg1+ 52. Ka2 Ree1 53. Kb3 1-0

[Event "European School-ch 2019"]
[Site "Mamaia"]
[Date "2019.06.01"]
[Round "2.54"]
[White "Donghvani, Nia"]
[Black "Zyapaeva, Polina"]
[Result "1/2-1/2"]
[ECO "A10"]
[WhiteElo "1840"]
[BlackElo "1806"]
[Annotator "NA"]
[PlyCount "59"]
[EventDate "2019.05.31"]
[EventType "swiss"]
[EventCountry "ROU"]
[SourceTitle "playchess.com"]
[Source "ChessBase"]
[SourceQuality "1"]
[TimeControl "40/5400+30:1800+30"]

1. c4 b6 2. d4 Bb7 3. Nc3 f5 4. d5 Nf6 5. Bg5 Na6 6. h4 Nc5 7. Bxf6 exf6 8. Qc2 f4 9. Nf3 a5 10. O-O-O Ba6 11. e3 Bd6 12. h5 Qe7 13. exf4 Bxf4+ 14. Kb1 O-O-O 15. g3 Bd6 16. Nd4 Be5 17. Nf5 Qf7 18. f4 Bxc3 19. Qxc3 g6 20. Nd4 Ne4 21. Qf3 f5 22. g4 Rhg8 23. g5 Rde8 24. h6 Nc5 25. Nb5 Kb8 26. Rg1 Re4 27. Nc3 Ree8 28. Nb5 Re4 29. Nc3 Ree8 30. Nb5 1/2-1/2

[Event "European School-ch 2019"]
[Site "Mamaia"]
[Date "2019.06.01"]
[Round "2.55"]
[White "Mihailova, Alina"]
[Black "Vorobyova, Ekaterina"]
[Result "0-1"]
[ECO "A40"]
[WhiteElo "1825"]
[BlackElo "1795"]
[Annotator "NA"]
[PlyCount "50"]
[EventDate "2019.05.31"]
[EventType "swiss"]
[EventCountry "ROU"]
[SourceTitle "playchess.com"]
[Source "ChessBase"]
[SourceQuality "1"]
[TimeControl "40/5400+30:1800+30"]

1. d4 Nf6 2. c4 e6 3. g3 d5 4. Nf3 c5 5. cxd5 exd5 6. Bg2 Nc6 7. O-O cxd4 8. Nxd4 Bc5 9. Nb3 Be7 10. Nc3 Be6 11. Bg5 O-O 12. Rb1 Bf5 13. Rc1 d4 14. Nb5 d3 15. Re1 Qb6 16. Bxc6 Ng4 17. e3 Bxg5 18. N5d4 Bc8 19. Be4 Qh6 20. h4 Bxh4 21. gxh4 Qxh4 22. Qd2 Qh2+ 23. Kf1 Ne5 24. Bg2 Bh3 25. Bxh3 Qh1# 0-1

[Event "European School-ch 2019"]
[Site "Mamaia"]
[Date "2019.06.02"]
[Round "3.1"]
[White "Schitco, Ivan"]
[Black "David, Bogdan-Emanuel"]
[Result "1-0"]
[ECO "B06"]
[WhiteElo "2458"]
[BlackElo "2162"]
[Annotator "ChessBase"]
[PlyCount "103"]
[EventDate "2019.05.31"]
[EventType "swiss"]
[EventCountry "ROU"]
[SourceTitle "playchess.com"]
[Source "ChessBase"]
[SourceQuality "1"]
[TimeControl "40/5400+30:1800+30"]

1. d4 d6 2. e4 g6 3. Nf3 Bg7 4. c3 Nf6 5. Bd3 O-O 6. O-O Nc6 7. Re1 e5 8. h3 Re8 9. Na3 d5 10. exd5 Nxd5 11. Bg5 f6 12. Bd2 Be6 13. Bb5 Bf7 14. dxe5 fxe5 15. Ng5 Rf8 16. Nc4 Nf4 17. Bxf4 exf4 18. Nxf7 Rxf7 19. Bxc6 bxc6 20. Qxd8+ Rxd8 21. Rad1 Rd5 22. Re8+ Rf8 23. Rxf8+ Kxf8 24. Re1 Kf7 25. Kf1 g5 26. Re4 Bf6 27. Ke2 h6 28. Nd2 Be7 29. Rc4 Re5+ 30. Kf3 Rb5 31. Nb3 Rb6 32. Ra4 a6 33. Re4 Kf6 34. Ke2 Rb5 35. Rc4 Rb6 36. Kd3 c5 37. Re4 Rd6+ 38. Kc4 Rd1 39. f3 h5 40. Re2 Bd6 41. Rd2 Re1 42. Nxc5 Bxc5 43. Kxc5 Re6 44. a4 g4 45. hxg4 hxg4 46. fxg4 Kg5 47. b4 Kxg4 48. a5 Kg3 49. c4 Rg6 50. b5 Kh2 51. b6 cxb6+ 52. axb6 1-0

[Event "European School-ch 2019"]
[Site "Mamaia"]
[Date "2019.06.02"]
[Round "3.2"]
[White "Mammadov, Sadig"]
[Black "Stoleriu, George"]
[Result "1/2-1/2"]
[ECO "C04"]
[WhiteElo "2208"]
[BlackElo "2372"]
[Annotator "ChessBase"]
[PlyCount "83"]
[EventDate "2019.05.31"]
[EventType "swiss"]
[EventCountry "ROU"]
[SourceTitle "playchess.com"]
[Source "ChessBase"]
[SourceQuality "1"]
[TimeControl "40/5400+30:1800+30"]

1. e4 e6 2. d4 d5 3. Nd2 Nc6 4. Ngf3 Nf6 5. e5 Nd7 6. c3 f6 7. exf6 Qxf6 8. Bd3 e5 9. dxe5 Ncxe5 10. Be2 Bd6 11. O-O Ng6 12. c4 c6 13. cxd5 cxd5 14. Nb1 O-O 15. Qxd5+ Kh8 16. Nc3 Nb6 17. Qh5 Bf5 18. Bg5 Qf7 19. Nd4 Be5 20. Nxf5 Qxf5 21. Be3 Qc2 22. Rac1 Qf5 23. Qxf5 Rxf5 24. Bd3 Rf6 25. Rfe1 Nf4 26. Bf1 Rf5 27. g3 Nfd5 28. g4 Rf6 29. Nxd5 Nxd5 30. Bg5 Bxb2 31. Rcd1 Nc3 32. Rd2 Rg6 33. Rxb2 Rxg5 34. f3 b6 35. Rc2 Nd5 36. Rd2 Nf6 37. Re7 Rc5 38. h4 h6 39. Rb7 Nd5 40. Rd7 Nf4 41. Rf7 Ng6 42. h5 1/2-1/2

[Event "European School-ch 2019"]
[Site "Mamaia"]
[Date "2019.06.02"]
[Round "3.3"]
[White "Gayun, Dmytro"]
[Black "Zemnitskiy, Alexander"]
[Result "1-0"]
[ECO "A88"]
[WhiteElo "2271"]
[BlackElo "2024"]
[Annotator "ChessBase"]
[PlyCount "117"]
[EventDate "2019.05.31"]
[EventType "swiss"]
[EventCountry "ROU"]
[SourceTitle "playchess.com"]
[Source "ChessBase"]
[SourceQuality "1"]
[TimeControl "40/5400+30:1800+30"]

1. d4 f5 2. Nf3 Nf6 3. c4 g6 4. g3 Bg7 5. Bg2 O-O 6. O-O d6 7. Nc3 c6 8. b3 Qc7 9. Qc2 a5 10. Bb2 e5 11. dxe5 dxe5 12. e4 Na6 13. Nh4 f4 14. Na4 Nd7 15. Ba3 Re8 16. Nf3 b6 17. Rfd1 Bf8 18. Bb2 Ndc5 19. Nxc5 Nxc5 20. gxf4 exf4 21. Qc3 Bg7 22. Qxg7+ Qxg7 23. Bxg7 Kxg7 24. e5 Bg4 25. Rd6 Bxf3 26. Bxf3 Rxe5 27. Bxc6 Rb8 28. Rad1 Re2 29. R1d2 Rxd2 30. Rxd2 Rc8 31. Rd6 Rf8 32. Bf3 Rf6 33. Rd8 Rf8 34. Rd4 g5 35. Kg2 Kg6 36. h4 h6 37. hxg5 hxg5 38. Bg4 Rf6 39. Kf3 Rc6 40. Rd5 Rf6 41. Rd8 Rc6 42. Rd4 Rf6 43. Ke2 Ne6 44. Rd5 f3+ 45. Ke3 Nf4 46. Rb5 Ng2+ 47. Kd2 Rd6+ 48. Rd5 Rf6 49. Rb5 Rd6+ 50. Kc3 Rf6 51. a3 Nh4 52. b4 axb4+ 53. axb4 Rf4 54. Rxb6+ Kg7 55. Bh3 g4 56. Bf1 Nf5 57. Bd3 Ne7 58. Re6 Kf7 59. Re1 1-0

[Event "European School-ch 2019"]
[Site "Mamaia"]
[Date "2019.06.02"]
[Round "3.4"]
[White "Paraschiv, Petronela-Alexandra"]
[Black "Bulau, Andrei-Cristian"]
[Result "1/2-1/2"]
[ECO "B53"]
[WhiteElo "1792"]
[BlackElo "2244"]
[Annotator "ChessBase"]
[PlyCount "82"]
[EventDate "2019.05.31"]
[EventType "swiss"]
[EventCountry "ROU"]
[SourceTitle "playchess.com"]
[Source "ChessBase"]
[SourceQuality "1"]
[TimeControl "40/5400+30:1800+30"]

1. e4 c5 2. Nf3 d6 3. d4 cxd4 4. Qxd4 Nc6 5. Bb5 a6 6. Bxc6+ bxc6 7. O-O e5 8. Qd3 Nf6 9. Rd1 Qc7 10. c4 Be7 11. Bg5 O-O 12. Bxf6 Bxf6 13. Nc3 Be7 14. b4 Be6 15. Nd2 Rfd8 16. a4 Rac8 17. Rac1 g6 18. b5 axb5 19. axb5 f5 20. h3 Bg5 21. Rc2 d5 22. b6 Qxb6 23. cxd5 cxd5 24. Nxd5 Rxc2 25. Qxc2 Bxd5 26. exd5 Rxd5 27. Nf3 Rxd1+ 28. Qxd1 Bf6 29. Nxe5 Qe6 30. Nf3 g5 31. Nh2 Be5 32. Nf3 Bf6 33. Nh2 Kg7 34. Kf1 Kg6 35. g4 Qe4 36. Qf3 Qc4+ 37. Qe2 Qc1+ 38. Kg2 Qf4 39. Qe8+ Kg7 40. Qd7+ Kg6 41. Qe8+ Kg7 1/2-1/2

[Event "European School-ch 2019"]
[Site "Mamaia"]
[Date "2019.06.02"]
[Round "3.5"]
[White "Sahin, Hayrun Nisa"]
[Black "Paraschiv, Paul-Alexandru"]
[Result "0-1"]
[ECO "C05"]
[WhiteElo "1734"]
[BlackElo "2055"]
[Annotator "NA"]
[PlyCount "84"]
[EventDate "2019.05.31"]
[EventType "swiss"]
[EventCountry "ROU"]
[SourceTitle "playchess.com"]
[Source "ChessBase"]
[SourceQuality "1"]
[TimeControl "40/5400+30:1800+30"]

1. e4 e6 2. d4 d5 3. Nd2 Nf6 4. e5 Nfd7 5. Ngf3 c5 6. c3 Nc6 7. Bd3 f6 8. exf6 Nxf6 9. O-O cxd4 10. cxd4 Bd6 11. Re1 O-O 12. Nf1 Bd7 13. a3 Rc8 $14 14. Bg5 h6 15. Bh4 Qb6 16. b4 Kh8 17. Bc2 a5 18. Qd3 Kg8 19. Bxf6 Rxf6 20. bxa5 Qa7 21. Rad1 g6 22. Bb1 Ne7 23. Ne3 h5 24. Qb3 Qxa5 25. Bc2 b5 26. Ra1 Rc3 27. Qb1 Rxa3 28. Rxa3 Qxa3 29. Ne5 Be8 30. g4 hxg4 31. N3xg4 Rf4 32. Qd1 Qh3 33. Re3 Qh4 34. f3 Nf5 35. Bxf5 gxf5 36. Nf2 Rxd4 37. Qe1 Qg5+ 38. Kh1 Bh5 39. Nh3 Qg7 40. f4 Rd1 41. Qxd1 Bxd1 42. Rg3 Bxe5 0-1

[Event "European School-ch 2019"]
[Site "Mamaia"]
[Date "2019.06.02"]
[Round "3.6"]
[White "Denisov, Timofey"]
[Black "Ozdemir, Serhan Berat"]
[Result "0-1"]
[ECO "E91"]
[WhiteElo "1788"]
[BlackElo "1950"]
[Annotator "NA"]
[PlyCount "84"]
[EventDate "2019.05.31"]
[EventType "swiss"]
[EventCountry "ROU"]
[SourceTitle "playchess.com"]
[Source "ChessBase"]
[SourceQuality "1"]
[TimeControl "40/5400+30:1800+30"]

1. d4 Nf6 2. c4 g6 3. Nc3 Bg7 4. e4 d6 5. Nf3 O-O 6. Be2 Bg4 7. Be3 Nfd7 8. O-O c5 9. d5 Na6 10. Nd2 Bxe2 11. Qxe2 Nc7 $14 12. f4 a6 13. Nf3 b5 14. e5 dxe5 15. fxe5 Nxe5 16. Nxe5 Bxe5 17. Bxc5 Bd6 18. Bd4 bxc4 19. Qxc4 Rc8 20. Kh1 Nb5 21. Qd3 Nxd4 22. Qxd4 Qc7 23. Qh4 Qc4 24. Qxc4 Rxc4 25. Rac1 Be5 26. Rfd1 Rfc8 27. Rd3 a5 28. g3 a4 29. a3 Rb8 30. Rc2 Kg7 31. Kg2 Rb3 32. Kh3 Bxc3 33. Rdxc3 Rcxc3 34. bxc3 Rxa3 35. c4 Rd3 36. Kg4 f5+ 37. Kh3 a3 38. c5 Rxd5 39. c6 Rd8 40. c7 Rc8 41. Ra2 Rxc7 42. Rxa3 e5 0-1

[Event "European School-ch 2019"]
[Site "Mamaia"]
[Date "2019.06.02"]
[Round "3.7"]
[White "Ceres, Dragos"]
[Black "Balan, Bogdan"]
[Result "1-0"]
[ECO "B90"]
[WhiteElo "2291"]
[BlackElo "2027"]
[Annotator "ChessBase"]
[PlyCount "111"]
[EventDate "2019.05.31"]
[EventType "swiss"]
[EventCountry "ROU"]
[SourceTitle "playchess.com"]
[Source "ChessBase"]
[SourceQuality "1"]
[TimeControl "40/5400+30:1800+30"]

1. e4 c5 2. Nf3 d6 3. d4 cxd4 4. Nxd4 Nf6 5. Nc3 a6 6. Be3 e5 7. Nb3 Be6 8. f4 exf4 9. Bxf4 Nc6 10. Qd2 d5 11. O-O-O Bb4 12. Qd3 dxe4 13. Nxe4 Nxe4 14. Qxe4 Qe7 15. Bd3 Bxb3 16. axb3 Qxe4 17. Bxe4 Rd8 18. c3 Be7 19. Rhe1 f6 20. Bd5 Rf8 21. Re6 Rxd5 22. Rxd5 Kf7 23. Re2 Rd8 24. Rxd8 Bxd8 25. Kc2 Be7 26. Kd3 Nd8 27. Kc4 Ne6 28. Bb8 Nd8 29. Kd5 Nc6 30. Bd6 Bd8 31. b4 Bb6 32. c4 Bd8 33. b5 axb5 34. cxb5 Na7 35. Bb8 Nxb5 36. Kc5 Bc7 37. Bxc7 Nxc7 38. Kb6 Nd5+ 39. Kxb7 g5 40. Kc6 Nb4+ 41. Kb5 Nd3 42. Kc4 Nf4 43. Rd2 Ng6 44. b4 Ne5+ 45. Kc5 Ke6 46. b5 Nd7+ 47. Kc6 Ne5+ 48. Kc7 Nc4 49. Re2+ Kd5 50. b6 Nxb6 51. Kxb6 f5 52. Re7 h5 53. Rg7 g4 54. Rg5 Ke4 55. Rxh5 f4 56. Rg5 {[%emt 0:00:15] Kd5} 1-0

[Event "European School-ch 2019"]
[Site "Mamaia"]
[Date "2019.06.02"]
[Round "3.8"]
[White "Neshev, Nikola"]
[Black "Ognean, Mihnea-Ionut"]
[Result "0-1"]
[ECO "B07"]
[WhiteElo "1370"]
[BlackElo "2260"]
[Annotator "ChessBase"]
[PlyCount "52"]
[EventDate "2019.05.31"]
[EventType "swiss"]
[EventCountry "ROU"]
[SourceTitle "playchess.com"]
[Source "ChessBase"]
[SourceQuality "1"]
[TimeControl "40/5400+30:1800+30"]

1. e4 d6 2. d4 Nf6 3. Nc3 g6 4. Bc4 Bg7 5. f3 c6 6. Be3 b5 7. Bb3 Nbd7 8. Qd2 Bb7 9. Bh6 Bxh6 10. Qxh6 e5 11. Qg7 Rf8 12. dxe5 Nxe5 13. O-O-O Qe7 14. f4 Nh5 15. Qxh7 Nxf4 16. Rf1 Qg5 17. Nf3 Nxf3 18. Rxf3 Nd3+ 19. Kb1 Ne5 20. Bxf7+ Nxf7 21. Rhf1 Qe7 22. Qxg6 b4 23. e5 dxe5 24. Ne4 O-O-O 25. Rxf7 Rxf7 26. Rxf7 Rd1# 0-1

[Event "European School-ch 2019"]
[Site "Mamaia"]
[Date "2019.06.02"]
[Round "3.9"]
[White "Tinarlioglu, Emre"]
[Black "Vilcu, Matei-Stefan"]
[Result "1/2-1/2"]
[ECO "A45"]
[WhiteElo "1907"]
[BlackElo "1991"]
[Annotator "NA"]
[PlyCount "56"]
[EventDate "2019.05.31"]
[EventType "swiss"]
[EventCountry "ROU"]
[SourceTitle "playchess.com"]
[Source "ChessBase"]
[SourceQuality "1"]
[TimeControl "40/5400+30:1800+30"]

1. d4 Nf6 2. Bg5 Ne4 3. Bf4 d5 4. f3 Nf6 5. e4 dxe4 6. Nc3 e3 7. Bxe3 e6 8. Bd3 Bb4 9. Nge2 c5 10. O-O cxd4 11. Bxd4 O-O 12. a3 Be7 13. Qe1 Nc6 14. Be3 Ne5 15. Rd1 Nxd3 16. Rxd3 Qc7 17. Qd2 e5 18. Ne4 Be6 19. N2c3 Rfd8 20. Rd1 Rxd3 21. Qxd3 Rd8 22. Qe2 a6 23. Rxd8+ Qxd8 24. Nxf6+ Bxf6 25. Ne4 Be7 26. Qd2 Qxd2 27. Nxd2 b5 28. Kf2 Kf8 1/2-1/2

[Event "European School-ch 2019"]
[Site "Mamaia"]
[Date "2019.06.02"]
[Round "3.10"]
[White "Padurariu, Mihai-Edward"]
[Black "Bonciu, David"]
[Result "1/2-1/2"]
[ECO "B31"]
[WhiteElo "2090"]
[BlackElo "1886"]
[Annotator "NA"]
[PlyCount "36"]
[EventDate "2019.05.31"]
[EventType "swiss"]
[EventCountry "ROU"]
[SourceTitle "playchess.com"]
[Source "ChessBase"]
[SourceQuality "1"]
[TimeControl "40/5400+30:1800+30"]

1. e4 c5 2. Nf3 Nc6 3. Bb5 g6 4. Bxc6 dxc6 5. d3 Bg7 6. h3 e5 7. Be3 b6 8. Qd2 h6 9. Nc3 Ne7 10. O-O f5 11. exf5 gxf5 12. Qe2 O-O 13. Bd2 Qd6 14. Nh4 Qf6 15. Nf3 Ba6 16. Nh2 Rad8 17. Rfe1 Nd5 18. Qh5 Qf7 1/2-1/2

[Event "European School-ch 2019"]
[Site "Mamaia"]
[Date "2019.06.02"]
[Round "3.11"]
[White "Gleizer, Adar"]
[Black "Ochedzan, Tymon"]
[Result "1/2-1/2"]
[ECO "B51"]
[WhiteElo "1774"]
[BlackElo "2064"]
[Annotator "NA"]
[PlyCount "136"]
[EventDate "2019.05.31"]
[EventType "swiss"]
[EventCountry "ROU"]
[SourceTitle "playchess.com"]
[Source "ChessBase"]
[SourceQuality "1"]
[TimeControl "40/5400+30:1800+30"]

1. e4 c5 2. Nf3 d6 3. Bb5+ Nd7 4. Ba4 Ngf6 5. O-O a6 6. c4 e5 7. d3 Be7 8. Nc3 O-O 9. a3 h6 10. h3 Nb6 11. Bc2 Be6 12. Be3 Nh7 13. Nd2 Bg5 14. Qe2 Qf6 15. b4 cxb4 16. axb4 Nd7 17. Nf3 Bxe3 18. fxe3 Qd8 19. d4 exd4 20. exd4 Qb6 21. Rab1 Ne5 22. c5 Nxf3+ 23. Qxf3 Qc7 24. Na4 Rad8 25. d5 Bd7 26. Qf2 Bb5 27. Rfc1 Qe7 28. Nc3 Bd7 29. Qd4 Qg5 30. Kh1 Qg3 31. Ne2 Qh4 32. Qd3 Bb5 33. Qg3 Qf6 34. Nc3 Bc4 35. Bd3 Bxd3 36. Qxd3 Rfe8 37. c6 Qe7 38. b5 axb5 39. Nxb5 Nf6 40. c7 Rc8 41. Rb4 Kf8 42. Re1 Ng4 43. Qg3 Ne5 44. Rc1 h5 45. Qc3 Qg5 46. Rbb1 Qf4 47. Re1 Re7 48. Rf1 Qh6 49. Rbc1 Rd7 50. Qa5 Qe3 51. Na7 b6 52. Qb4 Nd3 53. Qb5 Rcxc7 54. Rxc7 Rxc7 55. Nc6 Nf2+ 56. Kh2 Nxe4 57. Qa6 Kg8 58. Qa8+ Kh7 59. Qd8 Qg3+ 60. Kg1 Qe3+ 61. Kh2 Qg3+ 62. Kh1 Nf2+ 63. Rxf2 Qxf2 64. Qxc7 Qf1+ 65. Kh2 Qf4+ 66. Kg1 Qc1+ 67. Kh2 Qf4+ 68. Kg1 Qc1+ {[%emt 0:00:03] Qd7} 1/2-1/2

[Event "European School-ch 2019"]
[Site "Mamaia"]
[Date "2019.06.02"]
[Round "3.12"]
[White "Silich, Yahor"]
[Black "Baranciuc, Alexandr"]
[Result "1-0"]
[ECO "B07"]
[WhiteElo "2082"]
[BlackElo "1900"]
[Annotator "NA"]
[PlyCount "69"]
[EventDate "2019.05.31"]
[EventType "swiss"]
[EventCountry "ROU"]
[SourceTitle "playchess.com"]
[Source "ChessBase"]
[SourceQuality "1"]
[TimeControl "40/5400+30:1800+30"]

1. e4 d6 2. d4 Nf6 3. Nc3 g6 4. Be3 a6 5. Nf3 Bg7 6. Bd3 O-O 7. O-O b5 8. a4 b4 9. Ne2 Bb7 10. Ng3 Nbd7 11. c3 c5 12. cxb4 cxb4 13. a5 e5 14. d5 Nc5 15. Bc2 Qc7 16. Nd2 h5 17. f3 Rac8 18. b3 Nfd7 19. Nc4 Rb8 20. Bd2 f5 21. exf5 gxf5 22. Bg5 e4 23. fxe4 Bxa1 24. Qxa1 fxe4 25. Nf5 Ne5 26. Nxe5 dxe5 27. d6 Qd7 28. Qxe5 Ne6 29. Ne7+ Kh7 30. Bxe4+ Bxe4 31. Qxe4+ Kh8 32. Rf6 Qa7+ 33. Kh1 Rxf6 34. Bxf6+ Ng7 35. Qg6 1-0

[Event "European School-ch 2019"]
[Site "Mamaia"]
[Date "2019.06.02"]
[Round "3.13"]
[White "Simonyan, Grigori"]
[Black "Nedelcu, Teodor-Cosmin"]
[Result "1-0"]
[ECO "B44"]
[WhiteElo "2019"]
[BlackElo "1954"]
[Annotator "NA"]
[PlyCount "53"]
[EventDate "2019.05.31"]
[EventType "swiss"]
[EventCountry "ROU"]
[SourceTitle "playchess.com"]
[Source "ChessBase"]
[SourceQuality "1"]
[TimeControl "40/5400+30:1800+30"]

1. e4 c5 2. Nf3 e6 3. d4 cxd4 4. Nxd4 Nc6 5. Nxc6 bxc6 6. Bd3 Nf6 7. O-O d5 8. Nd2 Qc7 9. f4 Bb7 10. Kh1 O-O-O 11. exd5 cxd5 12. Nf3 Bc5 13. Qe2 Rhe8 14. b4 Bxb4 15. Rb1 Qd6 16. Bb2 Qf8 17. Bd4 Bc5 18. Ba6 Rd7 19. Bxb7+ Rxb7 20. Qa6 Bb6 21. Bxb6 Nd7 22. Bxa7 Nc5 23. Bxc5 Qxc5 24. Rxb7 Kd8 25. Qa8+ Qc8 26. Qa5+ Qc7 27. Qxc7# 1-0

[Event "European School-ch 2019"]
[Site "Mamaia"]
[Date "2019.06.02"]
[Round "3.14"]
[White "Nastore, Pavel-Alexandru"]
[Black "Dobre, Radu-Fabian"]
[Result "1/2-1/2"]
[ECO "C70"]
[WhiteElo "1942"]
[BlackElo "1978"]
[Annotator "NA"]
[PlyCount "85"]
[EventDate "2019.05.31"]
[EventType "swiss"]
[EventCountry "ROU"]
[SourceTitle "playchess.com"]
[Source "ChessBase"]
[SourceQuality "1"]
[TimeControl "40/5400+30:1800+30"]

1. e4 e5 2. Nf3 Nc6 3. Bb5 a6 4. Ba4 b5 5. Bb3 Bb7 6. O-O Be7 7. c3 Nf6 8. Re1 O-O 9. d4 d6 10. Nbd2 h6 11. Nf1 Re8 12. Ng3 Bf8 13. a4 Na5 14. Bc2 Nc4 15. a5 c5 16. b3 Nxa5 17. dxe5 Nd7 18. exd6 Nc6 19. Bf4 Qf6 20. Nh5 Qe6 21. Bg3 Rad8 22. e5 Qg4 23. Re4 Qxh5 24. Rh4 Qxh4 25. Bxh4 Ra8 26. Be4 Ra7 27. Bf5 Ncb8 28. Bg3 g6 29. e6 gxf5 30. exd7 Nxd7 31. Nh4 Bc8 32. Nxf5 Nf6 33. Qf3 Bxf5 34. Qxf5 Nd7 35. h4 Bg7 36. Rc1 a5 37. Bf4 a4 38. bxa4 bxa4 39. g4 a3 40. g5 hxg5 41. hxg5 Nf8 42. Qd5 a2 43. Ra1 1/2-1/2

[Event "European School-ch 2019"]
[Site "Mamaia"]
[Date "2019.06.02"]
[Round "3.15"]
[White "Trushko, Andrii"]
[Black "Kanli, Alperen"]
[Result "1-0"]
[ECO "D00"]
[WhiteElo "1813"]
[BlackElo "1790"]
[Annotator "NA"]
[PlyCount "96"]
[EventDate "2019.05.31"]
[EventType "swiss"]
[EventCountry "ROU"]
[SourceTitle "playchess.com"]
[Source "ChessBase"]
[SourceQuality "1"]
[TimeControl "40/5400+30:1800+30"]

1. d4 d5 2. Bf4 Nf6 3. e3 g6 4. Be2 Bg7 5. Nd2 c5 6. c3 Nfd7 7. Ngf3 Nc6 8. a3 O-O 9. O-O e5 10. dxe5 Ndxe5 11. Nxe5 Nxe5 12. Re1 Be6 13. Bxe5 Bxe5 14. Nf3 Bg7 15. Qd2 h6 16. Rad1 Qb6 17. Bf1 Rfd8 18. g3 Bg4 19. Bg2 Qf6 20. Qe2 Qf5 21. Rd2 g5 22. e4 dxe4 23. Qxe4 Qxe4 24. Rxe4 Be6 25. Ree2 Rab8 26. Rxd8+ Rxd8 27. Rd2 Rb8 28. Ne1 b5 29. Nc2 a5 30. Bd5 Rd8 31. Ne3 b4 32. axb4 axb4 33. cxb4 cxb4 34. b3 Kf8 35. Kf1 Rc8 36. Nc4 Bc3 37. Bxe6 fxe6 38. Rd6 Ke7 39. Ra6 Rc7 40. Ke2 Rd7 41. f3 Kf6 42. Nd6 Ke7 43. Ne4 Rc7 44. h3 Kd7 45. Kd3 Ke7 46. Ke2 Kd7 47. Kd3 Ke7 48. Ke2 Kd7 1-0

[Event "European School-ch 2019"]
[Site "Mamaia"]
[Date "2019.06.02"]
[Round "3.16"]
[White "Larichev, Prokhor"]
[Black "Creanga, Robert-Ionut"]
[Result "1/2-1/2"]
[ECO "B07"]
[WhiteElo "1764"]
[BlackElo "2128"]
[Annotator "ChessBase"]
[PlyCount "131"]
[EventDate "2019.05.31"]
[EventType "swiss"]
[EventCountry "ROU"]
[SourceTitle "playchess.com"]
[Source "ChessBase"]
[SourceQuality "1"]
[TimeControl "40/5400+30:1800+30"]

1. e4 d6 2. d4 Nf6 3. Nc3 g6 4. f3 Bg7 5. Be3 c6 6. Qd2 Nbd7 7. h4 h5 8. Nh3 b5 9. Ng5 Nb6 10. Nd1 Nfd7 11. c3 Qc7 12. Be2 e5 13. O-O O-O 14. Nf2 Nc4 15. Bxc4 bxc4 16. f4 Re8 17. Qe2 exd4 18. Bxd4 d5 19. Bxg7 Kxg7 20. f5 Nf6 21. fxg6 fxg6 22. Nfh3 Bxh3 23. Qf3 Nxe4 24. Qxh3 Nxg5 25. hxg5 Rf8 26. Rxf8 Rxf8 27. Re1 Rf7 28. Qe3 Qb6 29. Qxb6 axb6 30. Re6 Rc7 31. Kf2 b5 32. a3 c5 33. Rb6 b4 34. axb4 cxb4 35. Rxb4 Re7 36. b3 cxb3 37. Rxb3 Re5 38. Rb7+ Kg8 39. Rb5 Rxg5 40. Rb4 Kg7 41. Rd4 Kf6 42. c4 dxc4 43. Rxc4 Rf5+ 44. Kg3 Kg5 45. Rc6 Ra5 46. Rc4 Ra3+ 47. Kh2 h4 48. Rc5+ Kg4 49. Rc4+ Kh5 50. Rc5+ g5 51. Rc4 Re3 52. Rc5 Kg4 53. Rc4+ Kf5 54. Rc5+ Kf4 55. Rc4+ Kf5 56. Rc5+ Kg4 57. Rc4+ Kh5 58. Rc5 Re4 59. Ra5 Kg4 60. Rb5 Kf4 61. Rb8 g4 62. Rf8+ Ke3 63. Rh8 g3+ 64. Kh3 Kf2 65. Rf8+ Ke1 66. Rf4 1/2-1/2

[Event "European School-ch 2019"]
[Site "Mamaia"]
[Date "2019.06.02"]
[Round "3.17"]
[White "Triboi, Alexander"]
[Black "Levin, Guy"]
[Result "0-1"]
[ECO "A05"]
[WhiteElo "1748"]
[BlackElo "2054"]
[Annotator "NA"]
[PlyCount "65"]
[EventDate "2019.05.31"]
[EventType "swiss"]
[EventCountry "ROU"]
[SourceTitle "playchess.com"]
[Source "ChessBase"]
[SourceQuality "1"]
[TimeControl "40/5400+30:1800+30"]

1. Nf3 Nf6 2. g3 e6 3. Bg2 d5 4. O-O Be7 5. c4 dxc4 6. Qa4+ c6 7. Qxc4 b5 8. Qc2 Bb7 9. d4 Nbd7 10. Nbd2 c5 11. dxc5 Nxc5 12. b3 Rc8 13. Qd1 O-O 14. Bb2 Nd5 15. Rc1 Bf6 16. Bxf6 Qxf6 17. Rxc5 Rxc5 18. Ne4 Qe7 19. Nxc5 Qxc5 20. h3 Rc8 21. e3 b4 22. Nd4 Nc3 23. Qc2 Ba6 24. Re1 e5 25. Nc6 Rxc6 26. Bxc6 Qxc6 27. e4 Bb7 28. f3 Qd7 29. Kg2 f5 30. exf5 Qd5 31. Re3 e4 32. f4 Nd1 33. Qxd1 0-1